 Dungeon Crawl Stone Soup version 0.31-a0-636-ge1c0e020e0 (webtiles) character file.

Game seed: 3715474123091994576

2837 avis the Severer (level 9, -3/74 HPs)
             Began as a Hill Orc Monk on Aug 26, 2023.
             Was a Believer of Beogh.
             Killed by divine providence
             ... invoked by an orc priest
              (14 damage)
             ... on level 8 of the Dungeon.
             The game lasted 00:54:23 (9560 turns).

avis the Severer (Hill Orc Monk)                    Turns: 9560, Time: 00:54:24

Health: -3/74      AC: 11    Str: 18    XL:     9   Next: 74%
Magic:  9/9        EV: 11    Int: 10    God:    Beogh [**....]
Gold:   110        SH:  0    Dex: 13    Spells: 8/8 levels left

rFire   . . .        a - +0 war axe
rCold   . . .        y - +0 kite shield
rNeg    . . .        A - +0 steam dragon scales
rPois   .            v - +1 helmet
rElec   .            (no cloak)
rCorr   .            D - +1 pair of gloves
SInv    .            z - +0 pair of boots
Will    .....        (no amulet)
Stlth   +            (no ring)
HPRegen 0.32/turn    (no ring)
MPRegen 0.11/turn

%: no passive effects
@: confused
A: no striking features
a: Renounce Religion, Smiting


You were on level 8 of the Dungeon.
You worshipped Beogh.
Beogh was pleased with you.
You visited 2 branches of the dungeon, and saw 9 of its levels.

You collected 488 gold pieces.
You spent 378 gold pieces at shops.

Inventory:

Hand Weapons
 a - a +0 war axe (weapon)
 b - a +0 flail of draining
 l - a +0 spear
 w - a +0 flail of draining
 G - a +0 orcbow
 I - a +0 hand axe
 J - a +2 falchion of holy wrath
 M - a +0 trident
 N - a +0 war axe
 O - a +2 dagger of venom
 P - a +1 flail of draining
Missiles
 i - 2 boomerangs
 s - 2 poisoned darts (quivered)
 x - a curare-tipped dart
 H - 9 stones
Armour
 f - a +0 chain mail
 v - a +1 helmet (worn)
 y - a +0 kite shield (worn)
 z - a +0 pair of boots (worn)
 A - +0 steam dragon scales (worn)
 D - a +1 pair of gloves (worn)
 Q - a +0 chain mail
 R - a +0 chain mail
Wands
 d - a wand of charming (13)
 K - a wand of mindburst (11)
Scrolls
 e - 2 scrolls of vulnerability {unknown}
 g - 2 scrolls of fear {unknown}
 h - 5 scrolls of teleportation {unknown}
 k - a scroll of poison
 m - a scroll of fog
 p - 2 scrolls of enchant weapon {unknown}
 q - a scroll of revelation {unknown}
 r - a scroll of enchant armour {unknown}
 t - a scroll of blinking {unknown}
 u - a scroll of noise {unknown}
 E - a scroll of amnesia {unknown}
Potions
 c - a potion of ambrosia
 j - a potion of resistance {unknown}
 n - 2 potions of enlightenment
 B - a potion of mutation
 C - a potion of brilliance
 F - 2 potions of curing
 L - a potion of magic


   Skills:
 + Level 5.2 Fighting
 + Level 15.3 Axes
 + Level 3.3 Armour
 + Level 2.7 Dodging
 + Level 3.3 Shields
 + Level 0.8 Invocations


You had 8 spell levels left.
You didn't know any spells.
Your spell library contained the following spells:

 Spells                   Type           Power      Damage    Failure   Level
 Sting                    Tmut/Pois      0%         1d3       69%         1
 Poisonous Vapours        Pois/Air       0%         N/A       83%         2
 Dazzling Flash           Conj/Hex       0%         N/A       96%         3
 Volatile Blastmotes      Fire/Tloc      0%         2d10      96%         3
 Cause Fear               Hex            0%         N/A       100%        4
 Olgreb's Toxic Radiance  Pois           0%         N/A       100%        4
 Fireball                 Conj/Fire      0%         3d3       100%        5
 Starburst                Conj/Fire      0%         6d3       100%        6
 Maxwell's Capacitive Co  Air            0%         ∞         100%        8
 Dragon's Call            Summ           0%         N/A       100%        9


Dungeon Overview and Level Annotations

Branches:
Dungeon (8/15)             Temple (1/1) D:4
   Lair: D:8-11

Altars:
Ashenzari
Cheibriados
Dithmenos
Gozag
Hepliaklqana
Kikubaaqudgha
Makhleb
Nemelex Xobeh
Qazlal
Ru
Sif Muna
Trog
Uskayaw
Vehumet
Wu Jian
Yredelemnul
The Shining One

Shops:
D:3 !   D:5 [   D:7 *

Annotations:
D:8 Neutral orcs


Message History

You feel less confused. Something hits you but does no damage.
You block the warg's attack.
You feel much better.
An orc wizard comes into view. It is wielding a +0 dagger.
The orc yells, "Die, avis, for besmirching Beogh's name!"
Something hits you but does no damage. The warg misses you.
You miss something. You hit the warg but do no damage.
The warg barely misses you.
An orc wizard comes into view. It is wielding a +0 dagger.
The orc priest invokes the aid of Beogh against you.
Beogh smites you!
The orc wizard casts a spell.
The orc wizard flickers and vanishes!
You block something's attack.
You miss something. You barely miss the warg.
The orc wizard shouts!
You hear a shout!
The warg bites you!
* * * LOW HITPOINT WARNING * * *
An orc priest comes into view. It is wielding a +0 hand axe.
You hear some strange, mumbled words.
You are confused.
The warg bites you!
* * * LOW HITPOINT WARNING * * *
You hear a shout!
You bump into the rock wall.
Something hits you but does no damage. The warg bites you but does no damage.
You feel much better. Something hits you but does no damage.
The warg barely misses you.
The orc priest invokes the aid of Beogh against you.
Beogh smites you!
* * * LOW HITPOINT WARNING * * *
You completely miss something. You slash the warg! The warg closely misses you.
Something hits you but does no damage.
You bump into the rock wall.
The warg bites you!
* * * LOW HITPOINT WARNING * * *
The orc priest looks satisfied for a moment.
Something hits you but does no damage.
The orc priest invokes the aid of Beogh against you.
Beogh smites you!
You die...
Beogh appreciates the orc priest's killing of a heretic priest.

####### #.# .#
#.# .# #.# .# #.#
h# #.# ##.# #.#
#+#####.. #.#
#.#.oo.o### #.#
#...ooooh@# #.#
o#...#####{# #.#
.......o...# #.#
o..#.....### #.#
#...o.# #.#
#.....#########.#
+....†'.........#
#.....###########
#.....#


You could see a warg, 4 orc priests, an orc wizard and 3 orcs.

Vanquished Creatures
  A wyvern (D:7)
  A steam dragon (D:6)
  4 water moccasins
  A black bear (D:6)
  An orc warrior (D:8)
  An ice beast (D:8)
  2 ogres
  A phantom (D:6)
  A kobold brigand (D:8)
  2 bullfrogs
  5 scorpions
  3 killer bees (D:8)
  3 howler monkeys
  A jelly (D:4)
  6 sleepcaps
  4 hounds
  2 gnoll boudas
  3 iguanas
  Natasha (thrice) (D:4)
  An orc wizard (D:5)
  Robin (D:3)
  15 gnolls
  8 adders
  3 white imps
  2 worms
  2 dart slugs (D:1)
  11 orcs
  3 ball pythons
  8 endoplasms
  3 giant cockroaches
  16 goblins
  11 hobgoblins
  8 jackals
  2 quokkas
  4 bats (D:1)
  A frilled lizard (D:1)
  9 kobolds
  6 rats
159 creatures vanquished.

Vanquished Creatures (others)
  9 orcs (D:8)
9 creatures vanquished.

Grand Total: 168 creatures vanquished

Notes
Turn   | Place    | Note
-------+----------+-------------------------------------------
     0 | D:1      | avis the Hill Orc Monk began the quest for the Orb.
     0 | D:1      | Reached XP level 1. HP: 19/19 MP: 1/1
     2 | D:1      | Noticed an electric eel
    56 | D:1      | Reached XP level 2. HP: 22/26 MP: 2/2
   275 | D:1      | Reached skill level 5 in Axes
   354 | D:1      | Reached XP level 3. HP: 21/33 MP: 3/3
  1070 | D:2      | Reached skill level 1 in Armour
  1070 | D:2      | Reached XP level 4. HP: 39/40 MP: 4/4
  1336 | D:2      | Reached skill level 6 in Axes
  1781 | D:3      | Found a faded altar of an unknown god.
  1919 | D:3      | Found Moipaeh's Distillery.
  1930 | D:3      | Found a bloodstained altar of Trog.
  1931 | D:3      | Found a hide-covered altar of Uskayaw.
  2019 | D:3      | Bought a potion of curing for 42 gold pieces
  2019 | D:3      | Bought a potion of lignification for 42 gold pieces
  2206 | D:3      | Noticed Robin
  2230 | D:3      | Killed Robin
  2231 | D:3      | Reached skill level 7 in Axes
  2231 | D:3      | Reached XP level 5. HP: 26/46 MP: 5/5
  2335 | D:3      | Found a burning altar of Makhleb.
  2475 | D:3      | You fall into a shaft and drop 3 floors!
  2487 | D:5      | Entered Level 5 of the Dungeon
  2487 | D:5      | Found a stormy altar of Qazlal.
  2559 | D:5      | Reached skill level 8 in Axes
  2559 | D:5      | Reached XP level 6. HP: 31/52 MP: 6/6
  2868 | D:5      | Reached skill level 9 in Axes
  3185 | D:3      | Found a basalt altar of Yredelemnul.
  3369 | D:3      | Found an ancient bone altar of Kikubaaqudgha.
  3682 | D:4      | Reached XP level 7. HP: 56/59 MP: 7/7
  3689 | D:4      | Noticed Natasha
  3706 | D:4      | Killed Natasha
  3707 | D:4      | Reached skill level 10 in Axes
  3878 | D:4      | Noticed Natasha
  3900 | D:4      | Killed Natasha
  3909 | D:4      | Noticed Natasha
  4113 | D:4      | Killed Natasha
  4215 | D:4      | Found a staircase to the Ecumenical Temple.
  4226 | Temple   | Entered the Ecumenical Temple
  4399 | D:5      | Reached skill level 1 in Shields
  4840 | D:5      | Reached skill level 11 in Axes
  5152 | D:3      | Bought a potion of attraction for 42 gold pieces
  5152 | D:3      | Bought a potion of brilliance for 56 gold pieces
  5650 | D:5      | Found Orchapp's Armour Boutique.
  5980 | D:6      | Reached XP level 8. HP: 51/66 MP: 8/8
  6064 | D:6      | Reached skill level 12 in Axes
  6275 | D:6      | Reached skill level 13 in Axes
  6929 | D:6      | Found a shadowy altar of Dithmenos.
  6931 | D:6      | Found a shimmering blue altar of Sif Muna.
  6936 | D:6      | Found a sparkling altar of Nemelex Xobeh.
  6938 | D:6      | Found a sacrificial altar of Ru.
  6954 | D:6      | Reached skill level 14 in Axes
  7577 | D:7      | Reached XP level 9. HP: 60/71 MP: 9/9
  7948 | D:7      | Reached skill level 5 in Fighting
  7953 | D:7      | Found Wasoudd's Gadget Gallery.
  8154 | D:3      | Bought a potion of magic for 112 gold pieces
  8154 | D:3      | Bought 2 potions of curing for 84 gold pieces
  8957 | D:8      | Reached skill level 15 in Axes
  9289 | D:8      | Became a worshipper of Beogh the Brigand
  9289 | D:8      | Reached * piety under Beogh
  9289 | D:8      | Reached ** piety under Beogh
  9560 | D:8      | Killed from afar by an orc priest

Illustrated notes

Levels and vault maps discovered:
D:1:      arrival_aquarium_a, layout_rooms, kennysheep_another_room
D:2:      layout_loops_corners, nrook_campfire
D:3:      layout_loops_ring, mainiacjoe_overflow_alcove_1, lemuel_tele_altar,
          yredelemnul_altar_generic, nicolae_overflow_squiral,
          hellmonk_ecumenical_altar_pennies_from_heaven, serial_shops, shop,
          uniq_robin
D:4:      layout_basic, minmay_temple_entry_glassed_door, uniq_natasha
D:5:      layout_loops_corners, mainiacjoe_overflow_concentric_impassable,
          serial_shops, shop
D:6:      layout_loops_ring, nicolae_overflow_macrodata_refinement
D:7:      layout_loops_ring, nicolae_shop_gadgets
D:8:      layout_basic, xom_redecorated, erik_lair_orcish_takeover, special_room
          [special_room_orc]
Temple:   hellmonk_temple_two_chambers

Skill      XL: |  1  2  3  4  5  6  7  8  9 |
---------------+----------------------------+-----
Axes           | 5 7 8 9 11 14 15 | 15.3
Fighting       | 4 5 |  5.2
Armour         | 1 3 |  3.3
Shields        | 1 3 |  3.3
Dodging        | |  2.7
Invocations    | |  0.8

Action                     |  1- 3 |  4- 6 |  7- 9 || total
---------------------------+-------+-------+-------++-------
  Melee: Hand axe          |    88 |   209 |   589 ||   886
         War axe           |       |       |    40 ||    40
  Throw: Stone             |       |     6 |       ||     6
         Dart              |       |     8 |     5 ||    13
         Boomerang         |       |     6 |       ||     6
 Invoke: Convert to Beogh  |       |       |     1 ||     1
    Use: Potion            |       |       |     8 ||     8
         Scroll            |       |       |     6 ||     6
 Armour: Robe              |    14 |       |       ||    14
         Scale mail        |     6 |    50 |       ||    56
         Chain mail        |       |     9 |   143 ||   152
         Steam dragon scal |       |       |    56 ||    56
         Skin              |       |       |    54 ||    54
  Dodge: Dodged            |    65 |    65 |   153 ||   283
  Block: Kite shield       |       |    13 |   193 ||   206

Table legend: (Time is in decaauts)
 A = Elapsed time spent in this place.
 B = Non-inter-level travel time spent in this place.
 C = Inter-level travel time spent in this place.
 D = Time resting spent in this place.
 E = Time spent auto-exploring this place.
 F = Levels seen in this place.
 G = Mean time per level.
                   A        B        C        D        E       F      G
               +--------+--------+--------+--------+--------+-----+--------+
         Total |   9501 |   8332 |   1169 |   1981 |   3926 |   9 | 1055.7 |
       Dungeon |   9464 |   8295 |   1169 |   1981 |   3926 |   8 | 1183.0 |
        Temple |     37 |     37 |      0 |      0 |      0 |   1 |   37.0 |
               +--------+--------+--------+--------+--------+-----+--------+

Top non-repeatable levels by time:
     D:5: 1939 daAuts
     D:6: 1388 daAuts
     D:3: 1335 daAuts
     D:2: 1111 daAuts
     D:4: 1101 daAuts
     D:7: 1062 daAuts
     D:8: 769 daAuts
     D:1: 757 daAuts
  Temple: 37 daAuts
